 Dungeon Crawl Stone Soup version 0.32-a0-558-g233958a4c4 (webtiles) character file.

Game seed: 3667213878592550054

1484 MackTheKnife the Cutter (level 8, 0/67 HPs)
             Began as a Coglin Gladiator on Feb 29, 2024.
             Was an Initiate of Dithmenos.
             Slain by an ogre
             ... wielding a +0 giant spiked club
              (16 damage)
             ... on level 5 of the Dungeon.
             The game lasted 00:07:08 (4193 turns).

MackTheKnife the Cutter (Coglin Gladiator)          Turns: 4193, Time: 00:07:09

Health: 0/67       AC: 11    Str: 14    XL:     8   Next: 79%
Magic:  8/8        EV: 12    Int:  8    God:    Dithmenos [......]
Gold:   237        SH:  0    Dex: 18    Spells: 7/7 levels left

rFire   . . .        a - +0 rapier {Tiberia}
rCold   . . .        s - +2 dagger (venom) {short, Feng}
rNeg    . . .        o - +0 ring mail
rPois   .            l - +2 helmet
rElec   .            t - scarf {+Inv}
rCorr   .            (no gloves)
SInv    .            n - +2 pair of boots
Will    .....        (amulet unavailable)
Stlth   +            (ring unavailable)
HPRegen 0.31/turn    (ring unavailable)
MPRegen 0.11/turn    (no gizmo)

%: no passive effects
@: revved
A: off-hand wielding, slow wielding, warmup strikes, no jewelry
a: Invent Gizmo, Renounce Religion, Evoke Invisibility


You were on level 5 of the Dungeon.
You worshipped Dithmenos.
Dithmenos was noncommittal.
You visited 1 branch of the dungeon, and saw 5 of its levels.

You collected 237 gold pieces.


Innate Abilities, Weirdness & Mutations

You can wield a second weapon in your off-hand.
It takes a long time for you to wield or remove held weapons.
Your first few attacks do less damage.
You cannot equip rings or amulets.


   Skills:
 - Level 7.0 Fighting
 - Level 7.0 Short Blades
 - Level 1.7 Throwing
 - Level 4.0 Dodging
 + Level 3.5 Evocations


You had 7 spell levels left.
You didn't know any spells.
Your spell library contained the following spells:

 Spells                   Type           Power      Damage    Failure   Level
 Apportation              Tloc           0%         N/A       65%         1
 Necrotise                Necr           0%         1d4       65%         1
 Sting                    Conj/Alch      0%         1d3       65%         1
 Summon Small Mammal      Summ           0%         N/A       65%         1
 Ozocubu's Armour         Ice            0%         N/A       95%         3
 Martyr's Knell           Necr/Summ      0%         N/A       100%        4
 Sticky Flame             Fire/Alch      0%         2d4       100%        4
 Metabolic Englaciation   Hex/Ice        0%         N/A       100%        5
 Sculpt Simulacrum        Ice/Alch       0%         N/A       100%        6
 Fire Storm               Conj/Fire      0%         5d1       100%        9

Inventory:

Hand Weapons
 a - a +0 rapier (weapon) {Tiberia}
 b - a +2 flail of protection {mace}
   (You took it off an orc on level 4 of the Dungeon)
 s - a +2 dagger of venom (offhand) {short, Feng}
   (You found it on level 3 of the Dungeon)
Missiles
 d - 3 throwing nets (quivered) {=f!fthrowing}
 e - a javelin {throwing}
 p - 3 poisoned darts {throwing}
Armour
 l - a +2 helmet (worn)
   (You found it on level 1 of the Dungeon)
 n - a +2 pair of boots (worn)
   (You found it on level 3 of the Dungeon)
 o - a +0 ring mail (worn)
   (You found it on level 2 of the Dungeon)
 t - a scarf of invisibility (worn)
   (You found it on level 4 of the Dungeon)
Jewellery
 B - a ring of magical power
   (You found it on level 5 of the Dungeon)
Wands
 y - a wand of quicksilver (10)
   (You found it on level 5 of the Dungeon)
Scrolls
 f - 2 scrolls of blinking {!r}
 h - 2 scrolls of torment {unknown}
 j - 2 scrolls of teleportation {unknown}
 u - a scroll of acquirement {unknown}
 v - 2 scrolls of poison {unknown}
 x - a scroll of fear
 A - a scroll of fog
Potions
 c - 2 potions of mutation {unknown}
 g - a potion of might {unknown}
 i - 3 potions of lignification {!q}
 k - a potion of invisibility {unknown}
 m - 2 potions of curing {@q1}
 q - 2 potions of berserk rage {unknown}
 r - a potion of ambrosia {unknown}
 w - a potion of attraction {unknown}
 z - a potion of brilliance {unknown}

Dungeon Overview and Level Annotations

Branches:
Dungeon (5/15) Zot: 25838
 Temple: D:4-7

Altars:
Dithmenos

Shops:
D:4

* ยง
...........#.#####
#####.
.........##..# .##
#) .........##.รท#
..## #.
#........#...#
#... #.
#........#.#.# ...
#. #..........#.##
.. #.
#.###.........# .#
#. ##
#.....###.##.# #.
.# ..... #.@O.# #.
## .##. ####B# #.
# .# #. ### .. #.
..# ... #. ..#
#... ## ..# ..##
... .## ...


You could see an ogre (very poisoned) and a bombardier beetle.


Message History

๐Ÿ˜Ž HP[+1]
Your hp is fully restored (65).
You closely miss the hound with your +0 rapier.
You barely miss the hound with your +2 dagger of venom.
The hound bites you but does no damage.
An adder comes into view.
The hound closely misses you.
You hit the hound with your +2 dagger of venom.
You hit the hound with your +0 rapier.
You kill the hound!
Dithmenos accepts your kill.
Training target 7.0 for Fighting reached!
Your Fighting skill increases to level 7!
Your Evocations skill increases to level 2! ๐Ÿ˜Ž HP[+2]
You now have 67 max hp (+2).
Your hp is fully restored (67).
You hit the adder with your +0 rapier.
You hit the adder with your +2 dagger of venom.
The adder is poisoned.
The adder bites you but does no damage.
You hit the adder with your +2 dagger of venom.
The adder looks as sick as possible!
You hit the adder but do no damage.
You kill the adder!
Dithmenos accepts your kill.
An ogre comes into view. It is wielding a +0 giant spiked club.
An iguana comes into view.
The ogre barely misses you. The iguana bites you.
A bombardier beetle comes into view.
There is an open door, spattered with blood here.
Things that are here:
an adder corpse; a hound corpse; ๐Ÿ˜• HP[-3]
You take 3 damage, and now have 64/67 hp.
There are monsters nearby!
There are monsters nearby!
You hit the iguana with your +2 dagger of venom.
The iguana is poisoned.
You hit the iguana but do no damage. The iguana bites you. ๐Ÿ˜• HP[-5]
You take 5 damage, and now have 59/67 hp.
You hit the iguana with your +2 dagger of venom.
The iguana looks as sick as possible!
You puncture the iguana with your +0 rapier!
You kill the iguana!
Dithmenos accepts your kill. ๐Ÿ˜• HP[+1]
A scorpion comes into view.
The ogre misses you.
The bombardier beetle sprays incendiary fluid at you.
The burning spray hits you.
You are covered in liquid fire!
There is an open door, spattered with blood here.
Things that are here:
an iguana corpse; an adder corpse; a hound corpse You hit the ogre with your +2 dagger of venom.
The ogre is poisoned.
You puncture the ogre with your +0 rapier!
The liquid fire burns you!
The ogre hits you with a +0 giant spiked club!! ๐Ÿ˜ฎ HP[-20]
You take 20 damage, and now have 40/67 hp.
MASSIVE DAMAGE!! (PAUSE)
You shake off some of the fire as you move.
The liquid fire burns you! ๐Ÿ˜ฎ HP[-3]
You take 3 damage, and now have 37/67 hp.
Unknown command.
You hit the scorpion with your +0 rapier.
You hit the scorpion with your +2 dagger of venom.
The scorpion is poisoned.
The liquid fire burns you!
The scorpion stings you but does no damage. ๐Ÿ˜ฎ HP[-1]
You take 1 damage, and now have 36/67 hp.
You closely miss the scorpion with your +0 rapier.
You hit the scorpion but do no damage.
The scorpion looks as sick as possible!
The liquid fire burns you!
The scorpion closely misses you. ๐Ÿ˜ฎ HP[-2]
You take 2 damage, and now have 34/67 hp.
You hit the scorpion with your +2 dagger of venom.
The scorpion looks as sick as possible!
You closely miss the scorpion with your +0 rapier.
The liquid fire burns you!
* * * LOW HITPOINT WARNING * * *
You kill the scorpion!
Dithmenos accepts your kill.
Your Evocations skill increases to level 3! ๐Ÿ˜จ HP[-2]
You take 2 damage, and now have 32/67 hp.
You shake off the liquid fire.
The ogre hits you with a +0 giant spiked club!
* * * LOW HITPOINT WARNING * * *
The bombardier beetle bites you but does no damage.
There is an open door, spattered with blood here.
Items here: โ€ โ€ โ€ โ€ . ๐Ÿ˜ฑ HP[-16]
You take 16 damage, and now have 16/67 hp.
MASSIVE DAMAGE!! (PAUSE)
The ogre attacks as it pursues you!
The ogre hits you with a +0 giant spiked club!
You die...

Skill      XL: |  1  2  3  4  5  6  7  8 |
---------------+-------------------------+-----
Short Blades   | 3 4 5 6 7 |  7.0
Fighting       | 3 4 6 7 |  7.0
Dodging        | 3 4 |  4.0
Evocations     | 3 |  3.5
Throwing       | |  1.7

Action                     |  1- 3 |  4- 6 |  7- 9 || total
---------------------------+-------+-------+-------++-------
  Melee: Rapier            |   126 |    79 |    98 ||   303
         Dagger            |    22 |    72 |    97 ||   191
Ability: Evoke Invisibilit |       |       |     1 ||     1
    Use: Scroll            |       |     2 |     6 ||     8
   Stab: Sleeping          |     1 |       |       ||     1
         Invisible         |       |       |     2 ||     2
 Armour: Leather armour    |    23 |       |       ||    23
         Ring mail         |    15 |    31 |    61 ||   107
  Dodge: Dodged            |    60 |    38 |    49 ||   147

Levels and vault maps discovered:
D:1:      matt_arrival_los_fun, layout_loops_cross,
          hellmonk_ecumenical_altar_pennies_from_heaven, minmay_crystal_room
D:2:      layout_rooms, grunt_ministairs_13, chequers_serial_rivers_micro_e
D:3:      layout_loops_ring, minmay_stone_trees_medium, uniq_terence,
          uniq_jessica, uniq_sigmund
D:4:      minmay_door_path, layout_basic, lemuel_coloured_pillars_altar,
          serial_shops, nicolae_take_the_stairs
D:5:      minmay_octagon_keep, layout_basic, nzn_hepliaklqana_mist_gate

Notes
Turn   | Place    | Note
-------+----------+-------------------------------------------
     0 | D:1      | MackTheKnife the Coglin Gladiator began the quest for the
                  | Orb.
     0 | D:1      | Reached XP level 1. HP: 16/16 MP: 1/1
     0 | D:1      | magus.rc [v1.9.6]
    56 | D:1      | Found a faded altar of an unknown god.
    85 | D:1      | Reached skill level 3 in Short Blades
   111 | D:1      | Reached XP level 2. HP: 13/22 MP: 2/2
   433 | D:1      | Reached XP level 3. HP: 27/27 MP: 3/3
   932 | D:2      | You pick up a book of Cantrips and begin reading...
   932 | D:2      | You add the spells Sting, Necrotise, Summon Small Mammal
                  | and Apportation to your library.
  1076 | D:2      | Reached skill level 4 in Short Blades
  1200 | D:2      | You add the spells Sticky Flame, Martyr's Knell and Fire
                  | Storm to your library.
  1200 | D:2      | Got the Incunabulum of Ghoulish Pyromania
  1379 | D:2      | Reached XP level 4. HP: 25/33 MP: 4/4
  1575 | D:3      | Noticed Jessica
  1580 | D:3      | Killed Jessica
  1656 | D:3      | Noticed Terence
  1662 | D:3      | Killed Terence
  1663 | D:3      | Reached XP level 5. HP: 38/39 MP: 5/5
  1738 | D:3      | Noticed Sigmund
  1755 | D:3      | Killed Sigmund
  1756 | D:3      | Reached skill level 3 in Fighting
  1756 | D:3      | Reached skill level 5 in Short Blades
  1756 | D:3      | Reached XP level 6. HP: 36/47 MP: 6/6
  2008 | D:3      | You pick up a book of Winter and begin reading...
  2008 | D:3      | You add the spells Ozocubu's Armour, Metabolic Englaciation
                  | and Sculpt Simulacrum to your library.
  2283 | D:4      | Reached skill level 4 in Fighting
  2402 | D:4      | Found Ekiyt's General Store.
  2498 | D:4      | Reached skill level 6 in Short Blades
  2598 | D:4      | Reached XP level 7. HP: 50/54 MP: 7/7
  2974 | D:4      | Found a shadowy altar of Dithmenos.
  3217 | D:4      | Became a worshipper of Dithmenos the Shadowed
  3254 | D:5      | Entered Level 5 of the Dungeon
  3320 | D:5      | Noticed a two-headed ogre
  3333 | D:5      | Killed a two-headed ogre
  3334 | D:5      | Reached skill level 7 in Short Blades
  3334 | D:5      | Reached skill level 6 in Fighting
  3334 | D:5      | Reached skill level 3 in Dodging
  3334 | D:5      | Reached XP level 8. HP: 44/64 MP: 8/8
  3448 | D:5      | Reached skill level 4 in Dodging
  3957 | D:5      | Reached skill level 1 in Evocations
  4180 | D:5      | Reached skill level 7 in Fighting
  4180 | D:5      | Reached skill level 2 in Evocations
  4192 | D:5      | Reached skill level 3 in Evocations
  4192 | D:5      | HP: 16/67 [ogre/+0 giant spiked club (17)]
  4193 | D:5      | Slain by an ogre

Vanquished Creatures
  A two-headed ogre (D:5)
  Sigmund (D:3)
  An ogre (D:5)
  A phantom (D:5)
  2 scorpions
  3 hounds
  A bombardier beetle (D:5)
  A gnoll bouda (D:5)
  3 iguanas
  Jessica (D:3)
  Terence (D:3)
  An orc wizard (D:4)
  4 gnolls (D:5)
  5 adders
  2 dart slugs (D:3)
  2 ribbon worms
  14 orcs
  6 bats
  8 endoplasms
  4 giant cockroaches
  6 goblins
  5 hobgoblins
  3 jackals (D:4)
  5 kobolds
  3 quokkas
  3 ball pythons
  4 frilled lizards (D:1)
  7 rats
98 creatures vanquished.

Table legend:
 A = Non-vault XP
 B = Vault XP
 C = Vault XP percentage of total XP
 D = Non-vault monster count
 E = Vault monster count
 F = Vault count percentage of total count
                 A         B        C        D         E       F
            +---------+---------+-------+---------+---------+-------
      Total |    1591 |     530 |  25.0 |      86 |      12 |  12.2
            +---------+---------+-------+---------+---------+-------
        D:1 |      41 |       0 |   0.0 |      25 |       0 |   0.0
        D:2 |      39 |       4 |   9.3 |      15 |       2 |  11.8
        D:3 |      25 |     299 |  92.3 |      11 |       3 |  21.4
        D:4 |     174 |      99 |  36.3 |      19 |       4 |  17.4
        D:5 |    1312 |     128 |   8.9 |      16 |       3 |  15.8
            +---------+---------+-------+---------+---------+-------

Skill      XL: |  1  2  3  4  5  6  7  8 |
---------------+-------------------------+-----
Short Blades   | 3 4 5 6 7 |  7.0
Fighting       | 3 4 6 7 |  7.0
Dodging        | 3 4 |  4.0
Evocations     | 3 |  3.5
Throwing       | |  1.7

Action                     |  1- 3 |  4- 6 |  7- 9 || total
---------------------------+-------+-------+-------++-------
  Melee: Rapier            |   126 |    79 |    98 ||   303
         Dagger            |    22 |    72 |    97 ||   191
Ability: Evoke Invisibilit |       |       |     1 ||     1
    Use: Scroll            |       |     2 |     6 ||     8
   Stab: Sleeping          |     1 |       |       ||     1
         Invisible         |       |       |     2 ||     2
 Armour: Leather armour    |    23 |       |       ||    23
         Ring mail         |    15 |    31 |    61 ||   107
  Dodge: Dodged            |    60 |    38 |    49 ||   147

Illustrated notes

Table legend:
 A = Kills in this place as a percentage of kills in the entire game.
 B = Kills by you in this place as a percentage of kills by you in the entire game.
 C = Kills by friends in this place as a percentage of kills by friends in the entire game.
 D = Other kills in this place as a percentage of other kills in the entire game.
 E = Experience gained in this place as a percentage of experience gained in the entire game.
 F = Experience gained in this place divided by the number of levels of this place that you have seen.
                   A       B       C       D       E      F
               +-------+-------+-------+-------+-------+----------------------
         Total | 100.0 | 100.0 |   N/A |   N/A | 100.0 | 424.2
       Dungeon | 100.0 | 100.0 |   N/A |   N/A | 100.0 | 424.2
               +-------+-------+-------+-------+-------+----------------------

Table legend: (Time is in decaauts)
 A = Elapsed time spent in this place.
 B = Non-inter-level travel time spent in this place.
 C = Inter-level travel time spent in this place.
 D = Time resting spent in this place.
 E = Time spent auto-exploring this place.
 F = Levels seen in this place.
 G = Mean time per level.
                   A        B        C        D        E       F      G
               +--------+--------+--------+--------+--------+-----+--------+
         Total |   4160 |   3924 |    236 |    201 |   2997 |   5 |  832.0 |
       Dungeon |   4160 |   3924 |    236 |    201 |   2997 |   5 |  832.0 |
               +--------+--------+--------+--------+--------+-----+--------+

Top non-repeatable levels by time:
     D:4: 1021 daAuts
     D:1: 919 daAuts
     D:5: 891 daAuts
     D:2: 666 daAuts
     D:3: 662 daAuts
